cohdb
Replays
Latest Replays
All Replays
Popular Replays
Top Player Replays
Match Explorer
How It Works
Community
CoH3 Stats
Reddit
Sign in to upload your games and track your stats! →
Sign in with Steam
Match 40921283
Unlisted
Match 40921283
Overview
Messages
Build Orders
End
Selects Panzerjäger Kommand Battlegroup
Panzergrenadier Squad
Panzergrenadier Squad
Panzerpioneer Squad
250 Light Carrier
Panzergrenadier Squad
Selects GrB 39 Grenade Launcher Requisition
Construct Light Support Kompanie
Panzerjäger Mechanized Group
2.5-tonne Medical Truck
Fire Support Elements
Pak 38 Anti-tank Gun Team
Pak 38 Anti-tank Gun Team
Construct Panzerarmee Kommand
Selects Mine Fields
Selects Early Warning
Selects Butterfly Bomb Drop
Panzer III L Medium Tank
Emergency Repair Kits
Armored Reserves
Butterfly Bomb Drop
Panzer IV Assault Group
Selects Crew Shock Tactics
Selects Anti-tank Overwatch
Rapid Advance
2.5-tonne Medical Truck
Butterfly Bomb Drop
Butterfly Bomb Drop
UH|dun! ツ
UH|ck
Nizmo
Shadowgen
0
0
Comments
sign in to comment!
No comments posted yet!